Map: Black Site 2E

Players

ThePhoenix

  • Race: Zerg Zerg
  • Spawn Location: 9:00

Kryon

  • Race: Zerg Zerg
  • Spawn Location: 12:00

Prophet

  • Race: Terran Terran
  • Spawn Location: 11:00

Goym - Winner!

  • Race: Terran Terran
  • Spawn Location: 5:00

Vanda - Winner!

  • Race: Protoss Protoss
  • Spawn Location: 6:00

Infamous - Winner!

  • Race: Protoss Protoss
  • League: Gold
  • Spawn Location: 3:00

VOD

Have the link to the VOD?

Description

Time

  • Played on: April 24, 2018, 10:15 a.m.
  • Length: 15:21
Show
View Real Time Build Order
Export as new Build Order

ThePhoenix Zerg 

Build Orders: Hatch First 

Get SALT Encoding   

  12  0:32  Hatchery  
  11  0:36  Extractor  
  11  0:42  Drone  
  11  0:43  Drone  
  11  0:45  Drone  
  13  1:10  Overlord  
  13  1:12  Overlord  
  13  1:32  Spawning Pool  
  12  1:33  Drone  
  12  1:37  Drone  
  14  1:50  Drone x2  
  16  1:59  Drone x2  
  18  2:13  Extractor  
  18  2:14  Drone x2  
  19  2:16  Drone  
  20  2:24  Drone  
  20  2:25  Drone  
  22  2:45  Roach Warren  
  22  2:49  Lair  
  21  2:57  Spore Crawler  
  20  3:00  Drone  
  20  3:02  Drone  
  22  3:11  Queen  
  24  3:18  Drone  
  25  3:20  Drone  
  25  3:23  Drone  
  27  3:27  Drone  
  27  3:33  Drone  
  29  3:36  Drone  
  29  3:38  Drone  
  29  3:41  Drone  
  32  3:46  Drone  
  32  3:47  Drone  
  34  3:54  Queen  
  36  4:00  Overlord  
  36  4:07  Hydralisk Den  
  35  4:14  Drone  
  36  4:18  Spore Crawler  
  36  4:19  Overlord  
  36  4:20  Drone  
  36  4:22  Drone  
  36  4:23  Drone  
  38  4:35  Drone x3  
  38  4:36  Drone x2  
  43  4:41  Drone  
  43  4:45  Extractor, Evolution Chamber  
  42  4:47  Extractor  
  42  4:51  Drone x2  
  43  5:01  Drone x3  
  43  5:03  Drone x2  
  43  5:04  Drone  
  49  5:09  Evolution Chamber  
  49  5:12  Hydralisk  
  49  5:13  Hydralisk  
  52  5:15  Overlord x2  
  52  5:34  Hatchery  
  52  5:35  Zerg Missile Weapons Level 1  
  51  5:36  Zerg Ground Armor Level 1  
  51  5:42  Grooved Spines  
  51  5:44  Glial Reconstitution  
  51  5:56  Hydralisk  
  51  5:57  Hydralisk  
  51  5:59  Overlord  
  55  6:07  Roach x3  
  55  6:10  Hydralisk  
  63  6:17  Drone  
  64  6:18  Drone  
  64  6:22  Hydralisk x2  
  64  6:24  Hydralisk  
  71  6:28  Overlord  
  71  6:33  Pneumatized Carapace  
  71  6:36  Overseer  
  71  6:43  Infestation Pit  
  70  6:53  Muscular Augments  
  70  7:02  Tunneling Claws  
  70  7:11  Queen  
  70  7:14  Drone  
  70  7:15  Drone x9  
  82  7:17  Overlord x3, Burrow  
  82  7:21  Drone  
  82  7:22  Drone  
  84  7:27  Hydralisk x2  
  84  7:28  Hydralisk  
  90  7:37  Extractor  
  90  7:43  Drone x3  
  92  7:44  Extractor  
  92  7:47  Drone x3  
  92  7:49  Overlord x2  
  94  8:01  Hydralisk x5  
  94  8:03  Zerg Missile Weapons Level 2  
  104  8:06  Zerg Ground Armor Level 2  
  104  8:12  Hive  
  104  8:33  Hydralisk  
  104  8:34  Hydralisk x4  
  100  8:50  Roach x3  
  100  8:51  Roach x9  
  119  9:07  Hydralisk  
  121  9:12  Overlord x2  
  121  9:13  Overlord x2  
  121  9:40  Hydralisk x7  
  121  9:41  Hydralisk x2  
  139  9:56  Overlord x2  
  139  10:18  Hydralisk  
  139  10:19  Hydralisk x9  
  159  10:29  Hatchery  
  158  10:43  Zerg Missile Weapons Level 3  
  158  10:44  Zerg Ground Armor Level 3  
  158  10:50  Overlord x3  
  158  10:56  Overseer  
  158  11:09  Drone  
  158  11:10  Drone  
  160  11:17  Nydus Network  
  160  11:18  Drone  
  160  11:23  Lurker Den  
  159  11:38  Overlord x3  
  159  11:40  Hydralisk x3  
  159  11:41  Hydralisk x7  
  179  12:01  Hydralisk  
  179  12:02  Hydralisk x9  
  186  12:33  Hydralisk x2  
  186  12:34  Hydralisk x4  
  195  12:56  Nydus Canal  
  187  14:08  Hydralisk x9  
Show
View Real Time Build Order
Export as new Build Order

Kryon Zerg 

Build Orders: 3 Hatch before Pool 

Get SALT Encoding   

  12  0:03  Drone  
  13  0:12  Drone  
  14  1:49  Hatchery  
  13  1:58  Hatchery  
  12  2:03  Drone  
  12  2:04  Drone x2, Spawning Pool  
  12  2:08  Extractor x2  
  12  2:11  Evolution Chamber  
  12  2:13  Evolution Chamber  
  10  2:33  Drone x2  
  12  2:40  Drone  
  13  2:50  Overlord  
  13  3:01  Metabolic Boost  
  13  3:05  Drone  
  13  3:06  Drone  
  15  3:13  Drone x3  
  18  3:26  Lair  
  18  3:29  Zergling x2  
  19  3:34  Drone  
  19  3:40  Drone  
  21  3:41  Drone  
  21  3:46  Drone  
  23  3:51  Drone  
  23  3:54  Drone  
  25  3:59  Drone  
  26  4:03  Drone  
  26  4:05  Drone  
  28  4:13  Zerg Melee Weapons Level 1  
  28  4:21  Zerg Ground Armor Level 1  
  28  4:24  Drone  
  29  4:25  Drone  
  30  4:33  Infestation Pit  
  29  4:39  Drone x2  
  29  4:40  Drone  
  29  4:41  Drone  
  33  4:46  Drone  
  33  4:50  Overlord  
  34  4:53  Overlord  
  34  5:11  Hive  
  34  5:16  Zergling x4  
  34  5:17  Zergling x10  
  34  5:18  Zergling x2  
  34  5:21  Zergling x2  
  43  5:38  Zergling x4  
  43  5:39  Zergling x6  
  43  5:40  Queen  
  50  5:46  Overlord  
  50  6:04  Queen  
  50  6:11  Zerg Melee Weapons Level 2  
  52  6:15  Zerg Ground Armor Level 2  
  52  6:17  Zergling x6  
  52  6:18  Zergling x6  
  58  6:19  Overlord  
  58  6:21  Overlord  
  58  6:33  Adrenal Glands  
  58  6:38  Drone  
  58  6:39  Drone x3  
  62  6:43  Queen  
  64  6:58  Spore Crawler  
  64  6:59  Spore Crawler  
  62  7:01  Spore Crawler  
  62  7:05  Spore Crawler  
  62  7:06  Spore Crawler  
  62  7:08  Spore Crawler x2  
  58  7:12  Spore Crawler  
  58  7:13  Spore Crawler  
  55  7:16  Spore Crawler  
  55  7:21  Spore Crawler  
  53  7:27  Drone x4  
  57  7:31  Drone  
  57  7:33  Drone  
  57  7:36  Drone  
  60  7:39  Drone  
  60  7:40  Drone  
  60  7:44  Drone  
  63  7:45  Drone  
  63  7:48  Drone  
  65  7:58  Ultralisk Cavern  
  64  7:59  Drone  
  64  8:00  Drone x2  
  64  8:02  Drone  
  68  8:10  Drone x4  
  68  8:11  Drone  
  73  8:13  Drone  
  74  8:25  Overlord x3  
  74  8:26  Overlord  
  74  8:30  Extractor  
  74  8:33  Zerg Melee Weapons Level 3  
  73  8:50  Extractor  
  71  9:08  Zergling x14  
  71  9:09  Zergling x12  
  81  9:10  Zergling x2  
  81  9:23  Zergling x6  
  75  9:31  Chitinous Plating  
  75  9:34  Zerg Ground Armor Level 3  
  75  9:47  Extractor x2  
  74  10:00  Zergling x12  
  74  10:01  Zergling x6  
  82  10:13  Hatchery  
  82  10:14  Hatchery  
  72  10:41  Zergling x2  
  72  10:42  Zergling x12  
  79  10:43  Zergling x8  
  83  10:58  Hatchery  
  82  11:15  Queen  
  84  11:19  Burrow  
  84  11:20  Pneumatized Carapace  
  84  11:27  Ultralisk x3  
  84  11:28  Ultralisk x2  
  84  11:32  Zergling x6  
  117  11:35  Overlord x3  
  117  11:59  Zergling x8  
  117  12:00  Zergling x12  
  117  12:01  Zergling x2  
  128  12:14  Ultralisk  
  134  12:22  Drone x3  
  68  13:14  Zergling x10  
  68  13:15  Zergling x10  
  68  13:16  Zergling x2  
  61  13:26  Spawning Pool, Zergling x4  
  15  14:36  Zergling x12  
  15  14:37  Hatchery  
Show
View Real Time Build Order
Export as new Build Order

Prophet Terran 

Build Orders: Reaper Expand 

Get SALT Encoding   

  12  0:06  SCV  
  13  0:31  SCV  
  14  0:43  SCV  
  15  0:54  Supply Depot  
  15  1:03  Refinery  
  15  1:04  Engineering Bay  
  15  1:16  SCV  
  16  1:21  Barracks  
  16  1:49  Supply Depot, SCV  
  17  2:01  SCV  
  18  2:17  Reaper  
  19  2:31  Bunker  
  19  2:41  Command Center  
  19  2:43  Orbital Command  
  19  3:05  Marine  
  20  3:19  Missile Turret  
  20  3:22  Marine  
  21  3:28  SCV  
  21  3:30  Refinery  
  22  3:41  Missile Turret  
  22  3:44  Reaper  
  22  3:55  SCV  
  22  3:56  Factory  
  23  4:03  SCV  
  23  4:08  SCV  
  25  4:16  Reaper  
  26  4:20  SCV  
  26  4:22  SCV  
  28  4:42  Starport  
  28  4:44  Factory Tech Lab  
  28  4:46  SCV  
  28  4:48  Reaper  
  28  4:49  SCV  
  31  4:54  Refinery  
  30  6:03  SCV  
  31  6:06  Starport Reactor  
  29  6:13  Armory  
  29  6:15  SCV  
  29  6:17  Marine  
  31  6:27  SCV  
  32  6:33  Missile Turret  
  32  6:34  Marine  
  32  6:39  SCV  
  34  6:40  Refinery  
  34  6:51  SCV  
  35  6:54  Missile Turret  
  35  6:56  Missile Turret  
  35  7:03  SCV  
  35  7:06  Missile Turret  
  35  7:07  Viking x2  
  40  7:14  Terran Ship Weapons Level 1  
  40  7:29  Command Center  
  40  7:38  Missile Turret  
  40  7:39  Planetary Fortress  
  40  7:53  Viking x2  
  44  8:06  Supply Depot  
  44  8:13  Supply Depot  
  44  8:29  Supply Depot  
  44  8:36  Supply Depot  
  44  8:42  Refinery  
  44  8:45  SCV  
  44  8:46  Refinery  
  45  8:51  Liberator x2  
  45  8:53  Siege Tank  
  48  8:57  SCV  
  49  9:08  Terran Vehicle And Ship Armor Level 1  
  49  9:09  SCV  
  56  9:21  SCV  
  57  9:25  Siege Tank  
  60  9:40  Starport  
  60  9:51  Viking x2  
  64  10:27  Orbital Command  
  64  10:40  Starport Tech Lab  
  56  11:40  Terran Ship Weapons Level 2  
  56  11:42  Viking x2  
  60  12:09  Raven  
  60  12:12  Viking x2  
  66  12:33  Starport  
  66  12:42  Viking x2  
  58  13:27  Viking  
  58  13:30  Viking x2  
  51  13:57  Viking  
Show
View Real Time Build Order
Export as new Build Order

Goym Terran - Winner!

Build Orders: Bio Tank 

Get SALT Encoding   

  12  0:09  Supply Depot  
  12  0:13  SCV  
  13  0:25  SCV  
  14  0:35  Barracks  
  14  0:37  SCV  
  15  0:44  Refinery  
  15  0:52  SCV  
  17  1:04  SCV  
  17  1:21  Barracks Tech Lab, Orbital Command  
  17  1:44  Command Center  
  17  1:49  SCV  
  18  1:56  Stimpack  
  18  2:01  SCV  
  19  2:13  SCV  
  20  2:20  Supply Depot  
  20  2:25  SCV  
  21  2:37  SCV  
  22  2:45  Barracks  
  22  2:46  Barracks  
  22  2:51  Factory, SCV  
  22  2:58  Orbital Command  
  23  3:04  SCV  
  24  3:10  Marauder  
  26  3:14  Refinery  
  26  3:16  SCV  
  26  3:18  Refinery  
  27  3:24  SCV  
  28  3:28  SCV  
  28  3:31  Marauder  
  31  3:38  SCV  
  31  3:40  Marine  
  31  3:41  Marine  
  34  3:44  Widow Mine  
  34  3:45  SCV  
  37  3:50  SCV  
  37  3:51  Supply Depot  
  37  3:53  Engineering Bay  
  38  3:57  Marauder  
  38  3:58  Marine x2  
  38  4:00  Combat Shields  
  42  4:04  SCV  
  42  4:05  SCV  
  44  4:15  Factory Tech Lab  
  44  4:19  Marine x2  
  44  4:20  Marauder  
  48  4:27  SCV x2  
  48  4:28  Terran Infantry Weapons Level 1  
  50  4:32  Supply Depot  
  50  4:35  Supply Depot  
  50  4:39  SCV x2  
  50  4:41  Marine  
  53  4:51  Barracks Reactor, SCV  
  54  4:54  Siege Tank, SCV  
  54  4:56  Barracks Reactor  
  54  4:57  Refinery  
  58  5:03  SCV  
  58  5:06  SCV  
  60  5:14  Command Center  
  60  5:15  Engineering Bay  
  60  5:16  Marauder  
  62  5:31  Marine, Siege Tank  
  62  5:32  Marine  
  62  5:33  SCV x2  
  62  5:35  Supply Depot  
  69  5:39  Supply Depot  
  69  5:40  Supply Depot  
  69  5:44  Terran Infantry Armor Level 1  
  69  5:45  SCV  
  70  5:57  SCV x2  
  71  6:02  Supply Depot  
  72  6:05  Marine x2, Siege Tank  
  72  6:07  Marine x2  
  72  6:08  Marauder  
  72  6:09  SCV  
  82  6:19  Bunker  
  82  6:26  Supply Depot  
  82  6:28  Missile Turret  
  82  6:30  Armory  
  82  6:39  Missile Turret  
  82  6:40  Barracks  
  82  6:41  Starport  
  82  6:42  Starport  
  82  6:54  SCV x2  
  84  7:06  Barracks, SCV x2  
  86  7:09  Barracks  
  86  7:14  Factory  
  86  7:17  Orbital Command  
  86  7:18  SCV x2  
  86  7:19  Terran Infantry Weapons Level 2  
  86  7:20  Starport Reactor  
  86  7:22  Starport Tech Lab  
  88  7:30  SCV x2  
  90  7:42  Barracks Tech Lab, SCV  
  90  7:43  Marine x4, SCV  
  96  7:48  Siege Tank  
  96  7:49  Raven  
  101  7:52  Marauder, Concussive Shells  
  101  7:53  Terran Infantry Armor Level 2  
  101  7:54  SCV  
  101  7:55  SCV  
  101  7:58  Terran Vehicle Weapons Level 1  
  105  7:59  Factory Tech Lab  
  105  8:07  Missile Turret  
  105  8:11  Missile Turret, Refinery  
  105  8:12  SCV x3, Refinery  
  108  8:19  Medivac x2  
  112  8:20  Marine x3  
  112  8:21  Marine x2, Marauder  
  112  8:24  SCV x3  
  122  8:36  SCV x2  
  124  8:47  Missile Turret  
  124  9:07  Supply Depot, Medivac x3, Siege Tank  
  124  9:09  Supply Depot  
  133  9:10  Supply Depot  
  133  9:12  Marine, Siege Tank  
  133  9:13  Marine x4  
  133  9:15  Supply Depot  
  141  9:17  Supply Depot  
  141  9:29  Marine x2  
  143  9:37  Medivac x3  
  149  9:40  Marine  
  149  9:41  Marine x5  
  155  9:46  Marine x2  
  155  9:49  Missile Turret  
  155  9:52  Supply Depot, Missile Turret  
  157  9:53  Terran Infantry Weapons Level 3  
  157  9:58  Supply Depot, Marine x3  
  157  9:59  Marine x2  
  162  10:07  Medivac x2  
  149  10:32  Medivac  
  149  10:34  Marine x8  
  158  10:36  Siege Tank x2  
  158  10:37  Medivac x2  
  158  10:42  Terran Vehicle Weapons Level 2  
  166  10:51  Marine  
  166  10:52  Marine x7  
  174  10:59  Terran Infantry Armor Level 3  
  174  11:08  Siege Tank  
  174  11:09  Marine  
  174  11:10  Marine x7  
  185  11:17  Supply Depot  
  185  11:27  Marine  
  185  11:28  Marine x6  
  192  11:33  Marine  
  193  11:40  Sensor Tower  
  193  11:45  Marine x5  
  193  11:46  Marine x2  
  200  11:50  Factory  
  200  11:57  Barracks  
  200  12:11  Missile Turret x2  
  200  12:14  Missile Turret  
  169  14:18  Siege Tank  
  169  14:19  Siege Tank  
  120  15:01  Marine x8  
Show
View Real Time Build Order
Export as new Build Order

Vanda Protoss - Winner!

Build Orders:  

Get SALT Encoding   

  12  0:02  Probe  
  13  0:14  Probe  
  14  0:27  Probe  
  15  0:29  Pylon  
  15  0:41  Assimilator  
  15  0:47  Probe  
  16  0:51  Gateway  
  16  1:01  Forge  
  16  1:09  Probe  
  16  1:10  Pylon  
  17  1:20  Probe  
  18  1:28  Probe  
  18  1:30  Assimilator  
  19  1:37  Probe  
  20  1:50  Probe, Photon Cannon  
  21  1:57  Cybernetics Core  
  21  2:09  Probe, Photon Cannon  
  22  2:17  Probe  
  23  2:25  Pylon  
  23  2:27  Probe  
  24  2:37  Pylon  
  24  2:39  Probe  
  25  2:49  Stargate  
  25  2:51  Probe  
  26  2:54  Warp Gate  
  26  3:01  Probe  
  27  3:09  Probe  
  27  3:17  Probe, Shield Battery  
  28  3:23  Photon Cannon  
  29  3:29  Probe  
  30  3:41  Probe  
  30  3:45  Photon Cannon  
  31  3:49  Pylon  
  31  3:50  Probe  
  31  3:51  Shield Battery  
  32  3:58  Probe  
  33  4:05  Oracle  
  33  4:08  Probe  
  37  4:20  Probe  
  38  4:28  Photon Cannon  
  38  4:32  Probe  
  39  4:44  Probe  
  40  4:47  Nexus  
  40  4:48  Protoss Air Weapons Level 1  
  40  4:56  Probe  
  41  5:01  Pylon  
  41  5:04  Pylon  
  41  5:07  Assimilator  
  41  5:11  Assimilator  
  41  5:45  Photon Cannon  
  41  5:49  Photon Cannon  
  41  5:55  Photon Cannon  
  41  5:58  Photon Cannon  
  41  6:02  Probe  
  41  6:04  Probe  
  41  6:10  Probe  
  43  6:15  Void Ray  
  43  6:16  Probe  
  49  6:19  Probe  
  50  6:28  Probe x2  
  52  6:36  Probe  
  52  6:41  Probe  
  52  6:45  Probe  
  54  6:53  Probe  
  56  6:55  Protoss Air Armor Level 1  
  56  6:57  Void Ray  
  56  6:58  Probe  
  58  7:15  Shield Battery  
  58  7:16  Fleet Beacon  
  58  7:24  Shield Battery  
  58  7:30  Stargate  
  58  7:31  Stargate  
  58  7:33  Protoss Shields Level 1  
  58  7:37  Robotics Facility  
  58  7:41  Twilight Council  
  58  7:44  Pylon  
  58  7:47  Pylon  
  58  8:02  Tempest  
  64  8:07  Nexus  
  64  8:10  Assimilator  
  64  8:15  Assimilator  
  64  8:17  Pylon  
  64  8:20  Pylon  
  64  8:26  Probe x2  
  66  8:38  Probe x2, Photon Cannon  
  68  8:50  Probe  
  68  8:51  Probe  
  70  9:02  Probe  
  71  9:03  Probe  
  72  9:14  Probe  
  72  9:15  Probe  
  72  9:16  Protoss Air Weapons Level 2  
  74  9:18  Tempest x3  
  92  9:50  Probe x2  
  92  9:51  Probe  
  95  10:01  Tempest  
  95  10:02  Probe x2  
  95  10:03  Probe  
  95  10:06  Tempest  
  110  10:14  Probe  
  110  10:15  Probe x2  
  113  10:26  Probe  
  113  10:27  Probe  
  113  10:28  Probe  
  116  10:33  Tempest  
  122  10:38  Probe  
  122  10:39  Probe  
  124  10:44  Tempest  
  130  11:01  Pylon  
  130  11:02  Pylon  
  130  11:06  Pylon  
  130  11:07  Pylon  
  130  11:08  Pylon  
  130  11:10  Pylon, Observer  
  131  11:12  Pylon  
  129  11:19  Tempest x2  
  126  11:27  Tempest  
  126  11:32  Observer  
  132  11:47  Probe  
  132  11:53  Observer  
  134  11:59  Probe  
  135  12:01  Tempest  
  135  12:05  Tempest  
  147  12:10  Tempest  
  147  12:11  Probe  
  154  12:44  Tempest  
  160  13:02  Assimilator  
  160  13:06  Assimilator  
  160  13:08  Nexus  
  131  13:35  Tempest x2  
  131  13:36  Tempest  
Show
View Real Time Build Order
Export as new Build Order

Infamous Protoss - Winner!

Build Orders: 1 Gate Expand 

Get SALT Encoding   

  12  0:01  Probe  
  13  0:14  Pylon  
  13  0:20  Probe  
  14  0:32  Probe  
  14  0:33  Gateway  
  15  0:40  Probe  
  15  0:49  Probe  
  16  0:56  Assimilator  
  17  0:57  Probe  
  18  1:06  Probe  
  19  1:17  Probe  
  20  1:36  Nexus  
  20  1:37  Probe  
  21  1:45  Cybernetics Core  
  21  1:49  Probe  
  22  1:56  Assimilator  
  22  2:08  Pylon  
  22  2:42  Probe  
  22  2:43  Warp Gate  
  23  2:50  Gateway  
  23  2:51  Probe  
  23  2:52  Adept  
  23  2:54  Probe  
  25  2:58  Robotics Facility  
  27  3:11  Probe  
  27  3:15  Probe  
  27  3:16  Forge  
  29  3:20  Probe  
  29  3:22  Adept  
  32  3:30  Pylon  
  32  3:41  Protoss Ground Weapons Level 1  
  32  3:45  Adept  
  32  3:48  Probe x2  
  36  3:49  Observer  
  37  3:58  Adept  
  37  4:00  Probe x2  
  37  4:01  Pylon  
  39  4:05  Pylon  
  41  4:24  Robotics Bay  
  41  4:29  Shield Battery  
  41  4:33  Probe x2  
  41  4:34  Gateway  
  41  4:35  Shield Battery  
  43  4:45  Immortal  
  47  4:54  Probe  
  47  4:56  Probe  
  47  4:59  Twilight Council  
  49  5:02  Probe  
  49  5:04  Zealot  
  49  5:05  Zealot  
  54  5:08  Probe  
  54  5:13  Probe  
  55  5:20  Probe  
  57  5:21  Photon Cannon  
  57  5:23  Assimilator  
  57  5:40  Probe  
  57  5:42  Protoss Ground Armor Level 1  
  58  5:45  Assimilator  
  58  5:46  Immortal  
  58  5:55  Forge  
  62  6:00  Stalker x2  
  62  6:03  Probe x2  
  68  6:12  Stalker  
  70  6:40  Nexus  
  70  6:43  Pylon  
  70  6:44  Pylon  
  70  6:47  Pylon  
  70  6:48  Charge  
  70  6:54  Colossus  
  78  7:01  Probe x2  
  78  7:03  Pylon  
  78  7:05  Pylon, Zealot x3  
  84  7:13  Pylon, Probe  
  85  7:22  Photon Cannon  
  85  7:24  Photon Cannon  
  85  7:42  Zealot, Extended Thermal Lance  
  85  7:43  Protoss Ground Armor Level 2, Zealot x2  
  91  7:46  Probe x2  
  91  7:47  Robotics Facility  
  93  7:56  Probe  
  93  7:57  Probe  
  95  8:06  Colossus  
  95  8:14  Gateway  
  95  8:15  Gateway  
  101  8:22  Stalker  
  101  8:24  Sentry x2  
  91  8:53  Stalker x2  
  91  8:54  Stalker  
  65  9:25  Zealot x5  
  65  9:28  Templar Archives  
  73  9:32  Colossus x2  
  73  9:34  Probe, Protoss Ground Weapons Level 2  
  73  9:35  Probe  
  87  9:39  Assimilator  
  87  9:43  Assimilator  
  87  9:44  Pylon  
  87  9:48  Pylon, Probe x2  
  87  9:49  Probe  
  90  9:53  Photon Cannon  
  90  9:57  Photon Cannon  
  81  10:01  Stalker x3  
  81  10:02  Stalker, Psionic Storm  
  88  10:09  Probe  
  88  10:10  Probe x2  
  91  10:21  Probe  
  92  10:36  Stalker x4  
  100  10:49  Shield Battery  
  100  10:51  Photon Cannon x2  
  100  10:56  Probe x2  
  100  10:57  Probe  
  103  11:03  High Templar x2  
  103  11:04  High Templar  
  109  11:10  Protoss Ground Armor Level 3  
  109  11:12  Probe x3  
  109  11:15  Immortal  
  112  11:24  Probe  
  117  11:38  Probe x2  
  117  11:39  Probe  
  120  11:43  Archon  
  120  11:45  High Templar  
  120  11:46  High Templar  
  124  11:48  Zealot x3  
  124  11:50  Probe  
  124  11:51  Probe  
  132  11:56  Probe  
  133  12:12  Archon  
  133  12:20  Immortal x2  
  141  12:30  Pylon  
  141  12:45  Nexus  
  141  12:50  Pylon  
  135  12:53  Pylon  
  135  12:56  Pylon  
  117  12:59  Pylon  
  117  13:01  High Templar x2  
  117  13:02  High Templar x3  
  99  13:07  Colossus x2  
  99  13:36  Pylon  
  99  13:38  Pylon  
  99  13:43  Pylon  
  99  13:44  Archon  
  99  13:45  Archon  
  99  13:47  Zealot  
  99  13:48  Photon Cannon, Zealot x4  
  107  13:50  Photon Cannon  
  107  13:53  Photon Cannon  
  107  14:03  Probe  
  107  14:04  Probe x3  
  111  14:13  Immortal x2  
  111  14:15  Probe  
  120  14:23  High Templar x4  
  128  14:57  Gateway  
  128  15:00  Gateway, Archon x2  
  128  15:04  Gateway  
  128  15:07  Gateway  
  128  15:16  High Templar x2  
  128  15:17  High Templar x3  
Tags
 
Add a new tag
Caveats
  • Supply blocks, unpowered buildings, or Contaminate may cause inaccurate times.
  • Supply counts are checked every 10 seconds.